 Dungeon Crawl Stone Soup version 0.15.0-18-g9076a4f (webtiles) character file.

419 Johnny the Ruinous (level 6, -1/48 HPs)
             Began as a Demigod Conjurer on Sept 7, 2014.
             Slain by a yak zombie (7 damage)
             ... on Level 7 of the Dungeon.
             The game lasted 00:19:13 (6258 turns).

Johnny the Ruinous (Demigod Conjurer)               Turns: 6258, Time: 00:19:13

HP  -1/48        AC  7     Str 12      XL: 6   Next: 35%
MP  13/17        EV  9     Int 23      God:
Gold 160         SH  0     Dex 18      Spells:  3 memorised,  5 levels left

rFire  . . .     SeeInvis .     p - +0 war axe
rCold  . . .     Clarity  .     x - +0 ring mail
rNeg   . . .     rCorr    .     (no shield)
rPois  .         rRot     .     (no helmet)
rElec  .         Spirit   .     y - +0 cloak
SustAb .         Warding  .     (no gloves)
rMut   .         Stasis   .     s - +0 pair of boots
Gourm  .                        (no amulet)
MR     .....                    (no ring)
                                h - +2 ring of dexterity

@: very slightly contaminated, invisible, not resistant to hostile enchantments,
unstealthy
A: no striking features
a: no special abilities


You were on level 7 of the Dungeon.
You were hungry.

You visited 1 branch of the dungeon, and saw 7 of its levels.

You collected 160 gold pieces.

Inventory:

Hand weapons
 p - a +0 war axe (weapon)
Armour
 a - a +0 robe
 s - a +0 pair of boots (worn)
 x - a +0 ring mail (worn)
 y - a +0 cloak (worn)
Magical devices
 v - a wand of invisibility (3)
Comestibles
 b - 5 bread rations
 m - 2 meat rations
Scrolls
 d - a scroll of vulnerability {unknown}
 f - 3 scrolls of enchant weapon
 k - 2 scrolls of enchant armour
 l - 2 scrolls of remove curse
 o - a scroll of noise
 z - a scroll of teleportation
Jewellery
 h - a +2 ring of dexterity (left hand)
Potions
 e - a potion of curing {unknown}
 g - 2 potions of degeneration
 i - 2 potions of cure mutation {unknown}
 j - 3 potions of agility {unknown}
 n - 3 potions of restore abilities {unknown}
 q - a potion of resistance {unknown}
 r - a potion of haste {unknown}
 t - a potion of magic {unknown}
 u - a potion of cancellation {unknown}
 w - a potion of poison {unknown}
Books
 c - a book of Conjurations

   Spells                             Type                      Level
   *Magic Dart                        Conjuration                  1
   *Searing Ray                       Conjuration                  2
   *Dazzling Spray                    Conjuration/Hexes            3
   Fulminant Prism                    Conjuration/Hexes            4
   Iskenderun's Mystic Blast          Conjuration                  4
   Iskenderun's Battlesphere          Conjuration/Charms           5


   Skills:
 * Level 2.1 Fighting
 + Level 0.8 Axes
 * Level 1.8 Armour
 * Level 2.7 Dodging
 * Level 2.8 Stealth
 * Level 3.1 Spellcasting
 * Level 4.3 Conjurations
 * Level 1.6 Hexes


You had 5 spell levels left.
You knew the following spells:

 Your Spells              Type           Power        Failure   Level  Hunger
a - Magic Dart            Conj           ###.         2%          1    None
b - Searing Ray           Conj           ###...       4%          2    ##.....
c - Dazzling Spray        Conj/Hex       ###.....     17%         3    ###....


Dungeon Overview and Level Annotations

Branches:
Dungeon (7/15)
 Temple: D:4-7

Annotations:
D:4 Dowan; Duvessa; EvilAshe's ghost, average HOFi
D:5 EvilAshe's ghost, experienced OgFE
D:6 hackum's ghost, experienced HaFi


Message History

Found a morningstar.
An orc comes into view. It is wielding a trident.
The yak zombie gores you.
* * * LOW HITPOINT WARNING * * *
The orc shouts!
The orc hits you from afar with a trident.
* * * LOW HITPOINT WARNING * * *
You open the door.
The orc hits you from afar with a trident.
* * * LOW HITPOINT WARNING * * *
The yak zombie gores you.
* * * LOW HITPOINT WARNING * * *
There is an open door here.
Evoke which item? (* to show all) (? for menu, Esc to quit)
Zapping:
v - a wand of invisibility {zapped: 1}
Press: ? - help, Shift-Dir - straight line, f - you, p - yak zombie You fade into invisibility!
You are very lightly contaminated with residual magic.
The yak zombie gores you!
You die...

............ ..
###.........# .#
.........##.#).#
#.........#..#...#
###................#
#.......o##.######.###
####o#o#.##......#....
#.#Z#.##o.###.#..#
#.@.#.....# #.#..#
####......###....##
...##...........#
..##.......<...#
.##.##.##...... .##.
#......... ..
#......... ##
#......... #[%.......


You could see 2 orcs and a yak zombie.

Vanquished Creatures
  A phantom (D:6)
  A scorpion (D:4)
  A crimson imp (D:4)
  An orc wizard (D:4)
  A worker ant (D:4)
  4 gnolls (D:4)
  3 adders (D:3)
  A scorpion zombie (D:6)
  A shadow imp (D:6)
  2 giant mites
  A worm (D:3)
  2 giant geckos
  10 orcs
  5 ball pythons
  6 giant cockroaches
  8 goblins
  7 hobgoblins
  4 jackals (D:3)
  A quokka (D:2)
  12 bats
  7 giant newts
  9 kobolds
  9 rats
97 creatures vanquished.

Notes
Turn   | Place    | Note
--------------------------------------------------------------
     0 | D:1      | Johnny, the Demigod Conjurer, began the quest for the Orb.
     0 | D:1      | Reached XP level 1. HP: 14/14 MP: 3/3
   800 | D:1      | Reached XP level 2. HP: 14/22 MP: 0/4
   804 | D:1      | Learned a level 2 spell: Searing Ray
  1748 | D:2      | Reached skill level 1 in Fighting
  1890 | D:2      | Reached XP level 3. HP: 28/28 MP: 3/8
  1895 | D:2      | Learned a level 3 spell: Dazzling Spray
  2445 | D:3      | Reached XP level 4. HP: 30/35 MP: 0/10
  2541 | D:3      | Reached skill level 4 in Conjurations
  3045 | D:3      | Reached skill level 1 in Armour
  3500 | D:3      | Found a deep blue altar of Sif Muna.
  3500 | D:3      | Found a glowing silver altar of Zin.
  3944 | D:4      | Reached skill level 1 in Hexes
  3944 | D:4      | Reached XP level 5. HP: 33/40 MP: 2/12
  4704 | D:4      | Noticed Dowan
  4705 | D:4      | Noticed Duvessa
  4773 | D:4      | Noticed EvilAshe's ghost (average HOFi)
  4849 | D:5      | Entered Level 5 of the Dungeon
  4927 | D:5      | Noticed EvilAshe's ghost (experienced OgFE)
  4942 | D:6      | Noticed hackum's ghost (experienced HaFi)
  5064 | D:7      | Noticed a sky beast
  5387 | D:6      | Reached XP level 6. HP: 48/48 MP: 16/16
  5520 | D:6      | Found a shattered altar of Ashenzari.
  5746 | D:6      | Noticed a phantom
  5759 | D:6      | Killed a phantom
  6258 | D:7      | Slain by a yak zombie

Action                   |  1- 3 |  4- 6 || total
-------------------------+-------+-------++-------
Melee: Dagger            |    25 |       ||    25
       Unarmed           |     7 |       ||     7
       Club              |     5 |       ||     5
       War axe           |    35 |    91 ||   126
 Cast: Magic Dart        |    50 |    81 ||   131
       Dazzling Spray    |     4 |    36 ||    40
       Searing Ray       |       |    15 ||    15
Evoke: Wand              |       |     2 ||     2
  Use: Scroll            |     5 |     3 ||     8
       Potion            |       |     2 ||     2
 Stab: Sleeping          |     2 |     1 ||     3
       Invisible         |     1 |     2 ||     3
  Eat: Bread ration      |     1 |     1 ||     2
       Pizza             |     1 |       ||     1
       Chunk             |       |     3 ||     3
       Fruit             |       |     3 ||     3
       Meat ration       |       |     1 ||     1
       Beef jerky        |       |     1 ||     1
